 Dungeon Crawl Stone Soup version 0.22-a0-467-g5c5de1c (webtiles) character file.

12050 PegasusDuck the Party-goer (level 12, -7/93 HPs)
             Began as a Human Gladiator on June 10, 2018.
             Was a Believer of Uskayaw.
             Mangled by a nine-headed hydra (10 damage)
             ... on level 1 of the Lair of Beasts.
             The game lasted 00:35:59 (15253 turns).

PegasusDuck the Party-goer (Human Gladiator)       Turns: 15253, Time: 00:36:00

Health: -7/93      AC: 12    Str: 14    XL:     12   Next: 15%
Magic:  13/19      EV: 15    Int: 14    God:    Uskayaw [**....]
Gold:   508        SH:  5    Dex: 15    Spells: 11/11 levels left

rFire    . . .     SeeInvis +   a - +3 war axe
rCold    + . .     Gourm    .   m - +0 buckler
rNeg     . . .     Faith    .   c - +2 robe {rC+}
rPois    .         Spirit   .   l - +1 helmet
rElec    .         Reflect  .   (no cloak)
rCorr    .         Harm     .   n - +1 pair of gloves
MR       .....                  t - +2 pair of boots
Stlth    +++.......             (no amulet)
HPRegen  0.25/turn              s - +3 ring of slaying
MPRegen  0.16/turn              w - ring of see invisible

@: no status effects
A: no striking features
a: Stomp, Line Pass, Renounce Religion


You were on level 1 of the Lair of Beasts.
You worshipped Uskayaw.
Uskayaw was aware of your devotion.
You were not hungry.

You visited 3 branches of the dungeon, and saw 10 of its levels.
You also visited: Ice Cave.

You collected 657 gold pieces.
You spent 149 gold pieces at shops.

Inventory:

Hand Weapons
 a - a +3 war axe (weapon)
Missiles
 d - a throwing net {!f}
 g - 9 poisoned needles
 j - 186 stones (quivered)
Armour
 c - a +2 robe of cold resistance (worn)
 l - a +1 helmet (worn)
 m - a +0 buckler (worn)
 n - a +1 pair of gloves (worn)
 t - a +2 pair of boots (worn)
 u - the +0 ring mail of the Iron City of Dis {*Corrode rElec rF+++ Int+3}
   (You found it in an ice cave)

   It affects your intelligence (+3).
   It renders you almost immune to fire.
   It insulates you from electricity.
   It may corrode you when you take damage.
Jewellery
 h - an uncursed ring of fire
 s - a +3 ring of slaying (left hand)
 w - a ring of see invisible (right hand)
 A - a +4 ring of intelligence
 B - the amulet "Iheshoaxt" {Faith Slay+3, unknown}
   (You found it on level 1 of the Lair of Beasts)

   [amulet of faith]

   It allows you to gain divine favour quickly.
   It affects your accuracy and damage with ranged weapons and melee attacks
   (+3).
 E - the ring "Kulozyk" {rF+ MP+9 Dex+3 SInv, unknown}
   (You found it on level 1 of the Lair of Beasts)

   [ring of see invisible]

   It affects your dexterity (+3).
   It protects you from fire.
   It affects your magic capacity (+9).
   It lets you see invisible.
Wands
 b - a wand of iceblast (2)
 k - a wand of random effects (27)
Scrolls
 e - 3 scrolls of teleportation
 i - a scroll of identify
 o - a scroll of remove curse
 v - a scroll of amnesia
 y - a scroll of magic mapping
Potions
 p - 2 potions of curing
 q - a potion of haste {unknown}
 r - a potion of brilliance
 x - a potion of cancellation
 z - 3 potions of mutation
 C - a potion of heal wounds
 D - a potion of agility {unknown}
Comestibles
 f - 9 rations


   Skills:
 + Level 8.2 Fighting
 + Level 9.6 Axes
 - Level 6.0 Throwing
 - Level 5.1 Armour
 - Level 5.0 Dodging
 - Level 5.0 Stealth
 - Level 4.1 Shields
 - Level 10.0 Invocations


You had 11 spell levels left.
You didn't know any spells.
Your spell library was empty.

Dungeon Overview and Level Annotations

Branches:
Dungeon (8/15)             Temple (1/1) D:6            Lair (1/6) D:8

Altars:
Dithmenos
Fedhas
Gozag
Makhleb
Qazlal
Sif Muna
Trog
Uskayaw
Yredelemnul
Zin

Shops:
D:7 ?

Annotations:
D:3 Dowan, Duvessa
D:6 Prince Ribbit


Message History

The nine-headed hydra bites you! The nine-headed hydra bites you.
The nine-headed hydra completely misses you.
The nine-headed hydra bites you.
You block the nine-headed hydra's attack.
The nine-headed hydra bites you but does no damage.
The nine-headed hydra closely misses you.
The nine-headed hydra misses you.
The nine-headed hydra bites you but does no damage.
Unknown command.
You stomp with the beat, sending a shockwave through the revelers around you!
The nine-headed hydra is almost dead.
You feel somewhat more hungry. The nine-headed hydra bites you!
The nine-headed hydra bites you. x3
* * * LOW HITPOINT WARNING * * *
The nine-headed hydra bites you!
* * * LOW HITPOINT WARNING * * *
The nine-headed hydra bites you!
* * * LOW HITPOINT WARNING * * *
The nine-headed hydra bites you!
You die...

# ### #### **#***
#########.#####..###P##.********
........................,,,,,,,*
................@.......,,,,,,,*
#.....##+##.###.D..##.+#*,****,*
..#...##.######....#,,,,,,,,,*,*
..#....#.....##....#,,,,,,,,,*,*
..P................#.,,,,,,,,*,**
......##.....##......,,,,,,,,*,,*
..#...+......##....#.,,,,,,,,*,**
..#...##.....##....#.>,,,,,,,*,,*
..#...#*#...P##....+,,,,,,,,,,,**


You could see a nine-headed hydra.

Vanquished Creatures
  An elephant (D:8)
  Psyche (D:8)
  A black mamba (Lair:1)
  3 spiny frogs (Lair:1)
  7 polar bears (IceCv)
  A hippogriff (D:7)
  2 wyverns
  23 yaks
  A basilisk (D:8)
  3 water moccasins (Lair:1)
  A porcupine (Lair:1)
  3 sky beasts
  8 ice beasts (Lair:1)
  3 ogres
  A necrophage (D:7)
  2 phantoms (D:6)
  11 wolves (IceCv)
  7 centaurs
  2 crocodiles
  A big kobold (D:3)
  5 bullfrogs
  A howler monkey (D:4)
  3 crimson imps
  2 orc priests (D:6)
  A hound (D:2)
  2 jellies
  5 orc wizards
  4 iguanas
  Jessica (D:7)
  6 worker ants
  A hound zombie (D:5)
  A hound skeleton (D:5)
  Robin (D:3)
  12 adders
  2 river rats (D:5)
  An adder zombie (D:6)
  A worm (D:2)
  A dart slug (D:1)
  7 leopard geckos
  20 orcs
  2 ball pythons
  11 giant cockroaches
  11 goblins
  15 hobgoblins
  6 jackals
  2 quokkas
  6 bats
  6 frilled lizards
  14 kobolds
  A leopard gecko skeleton (D:7)
  A leopard gecko zombie (D:6)
  2 quokka skeletons
  5 rats
241 creatures vanquished.

Vanquished Creatures (others)
  A fungus (Lair:1)
1 creature vanquished.

Grand Total: 242 creatures vanquished

Notes
Turn   | Place    | Note
-------+----------+-------------------------------------------
     0 | D:1      | PegasusDuck the Human Gladiator began the quest for the Orb.
     0 | D:1      | Reached XP level 1. HP: 16/16 MP: 1/1
   145 | D:1      | Reached XP level 2. HP: 21/22 MP: 2/2
   550 | D:1      | Reached XP level 3. HP: 24/27 MP: 3/3
   742 | D:1      | Reached skill level 1 in Stealth
  1442 | D:2      | Reached XP level 4. HP: 25/34 MP: 4/4
  1832 | D:2      | Found a burning altar of Makhleb.
  2280 | D:3      | Reached XP level 5. HP: 28/39 MP: 5/5
  2948 | D:3      | Noticed Robin
  3175 | D:3      | Killed Robin
  3512 | D:3      | Noticed a big kobold
  3521 | D:3      | Killed a big kobold
  3521 | D:3      | Reached XP level 6. HP: 38/47 MP: 6/6
  4285 | D:4      | Noticed Dowan
  4286 | D:4      | Noticed Duvessa
  5101 | D:5      | Entered Level 5 of the Dungeon
  5146 | D:5      | Reached XP level 7. HP: 52/52 MP: 7/7
  5863 | D:5      | Reached XP level 8. HP: 58/60 MP: 8/8
  6270 | D:6      | Reached skill level 5 in Axes
  6278 | D:6      | Reached skill level 5 in Dodging
  6460 | D:6      | Found a blossoming altar of Fedhas.
  6479 | D:6      | Found a staircase to the Ecumenical Temple.
  6487 | Temple   | Entered the Ecumenical Temple
  6493 | Temple   | Became a worshipper of Uskayaw the Reveler
  6537 | D:6      | Reached * piety under Uskayaw
  6544 | D:6      | Reached ** piety under Uskayaw
  6745 | D:6      | Reached skill level 1 in Armour
  6892 | D:6      | Reached *** piety under Uskayaw
  6893 | D:6      | Reached skill level 1 in Invocations
  6905 | D:6      | Reached skill level 1 in Shields
  6944 | D:6      | Noticed Prince Ribbit
  7396 | D:6      | Reached XP level 9. HP: 48/67 MP: 8/10
  7633 | D:7      | Noticed Jessica
  7639 | D:7      | Killed Jessica
  7646 | D:7      | Found a deep blue altar of Sif Muna.
  7692 | D:7      | Reached skill level 5 in Fighting
  7729 | D:7      | Found Rirghilus's Magic Scroll Emporium.
  7749 | D:7      | Reached skill level 5 in Throwing
  7749 | D:7      | Reached skill level 2 in Invocations
  7919 | D:7      | Bought 2 scrolls of identify for 52 gold pieces
  7919 | D:7      | Bought a scroll of identify for 26 gold pieces
  7919 | D:7      | Bought a scroll of magic mapping for 45 gold pieces
  7919 | D:7      | Bought a scroll of identify for 26 gold pieces
  8405 | D:7      | Reached skill level 5 in Stealth
  8547 | D:7      | Found a basalt altar of Yredelemnul.
  8557 | D:7      | Noticed a hippogriff
  8563 | D:7      | Reached **** piety under Uskayaw
  8574 | D:7      | Killed a hippogriff
  8574 | D:7      | Reached skill level 3 in Invocations
  8979 | D:7      | Found a stormy altar of Qazlal.
  9320 | D:8      | Reached XP level 10. HP: 52/74 MP: 12/12
  9623 | D:8      | Reached skill level 4 in Invocations
  9653 | D:8      | Noticed an elephant
  9654 | D:8      | Found a staircase to the Lair.
  9750 | D:8      | Killed an elephant
  9930 | D:8      | Reached skill level 5 in Invocations
 10224 | D:8      | Noticed Psyche
 10235 | D:8      | Killed Psyche
 10235 | D:8      | Reached skill level 5 in Armour
 10660 | Lair:1   | Entered Level 1 of the Lair of Beasts
 10662 | Lair:1   | Noticed a spiny frog
 10674 | Lair:1   | Killed a spiny frog
 10674 | Lair:1   | Reached skill level 6 in Invocations
 10679 | Lair:1   | Reached ***** piety under Uskayaw
 10886 | Lair:1   | Noticed a spiny frog
 10897 | Lair:1   | Found a frozen archway.
 10906 | Lair:1   | Reached skill level 7 in Invocations
 10908 | Lair:1   | Reached skill level 8 in Invocations
 11141 | IceCv    | Entered an ice cave
 11179 | IceCv    | Reached XP level 11. HP: 50/79 MP: 13/17
 11482 | IceCv    | Reached skill level 9 in Invocations
 12124 | IceCv    | Reached skill level 10 in Invocations
 14037 | IceCv    | Got an encrusted ring mail
 14060 | IceCv    | Identified the cursed +0 ring mail of the Iron City of Dis {*Corrode rElec rF+++ Int+3} (You found it in an ice cave)
 14477 | Lair:1   | Got a faintly glowing ivory amulet
 14617 | Lair:1   | Reached XP level 12. HP: 67/92 MP: 19/19
 15201 | Lair:1   | Got a serpentine bone ring
 15244 | Lair:1   | Noticed a seven-headed hydra
 15253 | Lair:1   | HP: 3/93 [nine-headed hydra (11)]
 15253 | Lair:1   | Mangled by a nine-headed hydra

Vault maps used:
D:1:      lightli_arrival_statue_moat
D:2:      makhleb_blood_cavern_becter, first_ration
D:3:      cheibrodos_thug_alley, uniq_robin
D:4:      minivault_4, uniq_duvessa
D:5:      portal_sewer_entry_a
D:6:      minmay_temple_entry_statues_pillars, fedhas_altar_2,
          uniq_prince_ribbit1
D:7:      nicolae_qazlal_style_of_elements, serial_shops, shop, basic_altar,
          minmay_misc_feat_columns, tgw_sif
D:8:      david_lair_generic, uniq_psyche
Temple:   eino_temple_rhombus
Lair:1:   portal_ice_cave_entry_ice_beasts, grunt_megastairs_5
IceCv:    ice_cave_caverns_01

Skill      XL: |  1  2  3  4  5  6  7  8  9 10 11 12 |
---------------+-------------------------------------+-----
Stealth        | 1 2 3 4 5 |  5.0
Throwing       | 3 4 5 6 |  6.0
Fighting       | 3 4 5 7 8 |  8.2
Axes           | 4 5 6 7 9 |  9.6
Dodging        | 4 5 |  5.0
Armour         | 1 3 5 |  5.1
Invocations    | 1 3 8 10 | 10.0
Shields        | 1 3 4 |  4.1

Action                   |  1- 3 |  4- 6 |  7- 9 | 10-12 || total
-------------------------+-------+-------+-------+-------++-------
Melee: War axe           |   103 |   153 |   264 |   343 ||   863
Throw: Stone             |     9 |    62 |     9 |    31 ||   111
       Throwing net      |       |       |     4 |     1 ||     5
Invok: Line Pass         |       |       |     3 |     5 ||     8
       Stomp             |       |       |     4 |    18 ||    22
       Grand Finale      |       |       |       |     1 ||     1
Evoke: Wand              |       |     6 |     3 |     9 ||    18
  Use: Scroll            |     2 |     9 |    11 |     4 ||    26
       Potion            |       |     2 |     4 |     3 ||     9
 Stab: Sleeping          |     3 |     4 |     7 |     2 ||    16
       Distracted        |       |     1 |       |       ||     1
       Paralysed         |       |       |     6 |    32 ||    38
       Confused          |       |       |       |     1 ||     1
       Held in net/web   |       |       |       |     1 ||     1
  Eat: Chunk             |     2 |     8 |     8 |    12 ||    30
       Ration            |       |     1 |     2 |     4 ||     7
Armor: Leather armour    |    52 |    57 |    76 |    11 ||   196
       Robe              |       |       |       |   103 ||   103
Dodge: Dodged            |    99 |   144 |   192 |   297 ||   732
Block: Buckler           |       |       |    41 |   103 ||   144

Table legend:
 A = Spawn XP
 B = Non-spawn XP
 C = Spawn XP percentage of total XP
 D = Spawn monster count
 E = Non-spawn monster count
 F = Spawn count percentage of total count
 G = Total turns spent on level
                    A         B        C        D         E        F      G
               +---------+---------+-------+---------+---------+-------+---------
         Total |       0 |   17215 |   0.0 |       0 |     241 |   0.0 | 15253
               +---------+---------+-------+---------+---------+-------+---------
           D:1 |       0 |      42 |   0.0 |       0 |      25 |   0.0 |   996
           D:2 |       0 |      86 |   0.0 |       0 |      18 |   0.0 |  1429
           D:3 |       0 |     210 |   0.0 |       0 |      36 |   0.0 |  1763
           D:4 |       0 |     174 |   0.0 |       0 |      17 |   0.0 |   913
           D:5 |       0 |     746 |   0.0 |       0 |      22 |   0.0 |   903
           D:6 |       0 |     954 |   0.0 |       0 |      32 |   0.0 |  1834
           D:7 |       0 |    1269 |   0.0 |       0 |      15 |   0.0 |  1233
           D:8 |       0 |    2064 |   0.0 |       0 |      15 |   0.0 |  1726
        Lair:1 |       0 |    5461 |   0.0 |       0 |      29 |   0.0 |  1341
         IceCv |       0 |    6209 |   0.0 |       0 |      32 |   0.0 |  3067
               +---------+---------+-------+---------+---------+-------+---------
